AoeStats
← chemeball

Lombardia

507857207Analyzed
4v4 RM · 13d ago on Sep 20, 2026· 101m 9s· 8 players
Game mode
Random Map
Map size
Large (8 player)
Population
200
Speed
Normal
Resources
Standard
Victory
Conquest
Starting age
Dark Age
Ending age
Imperial Age
RankedLock teamsTeams togetherTeam positionsShared explorationLock speedFull tech treeHidden civsTurbo modeCheats
Victory
Defeat
🇳🇱 Bengalis · Netherlands
1483
+9
🇵🇪 Burgundians · Peru
1275
+17
🇦🇺 Georgians · Australia
1242
+19
🇵🇪 Hindustanis · Peru
1222
+19
🇨🇴 Bohemians · Colombia
1337
-17
🇺🇸 Saracens · United States
1307
-16
🇺🇸 Franks · United States
1306
-16
🇺🇸 Byzantines · United States
1275
-15
chemeball
7:48 Loom
11:41 Feudal Age
12:29 Double-Bit Axe
12:30 Horse Collar
17:46 Forging
20:22 Wheelbarrow
20:31 Scale Mail Armor
24:29 Castle Age
25:32 Stone Mining
26:03 Bow Saw
25:28 Pikeman
26:09 Squires
26:37 Chain Mail Armor
26:58 Iron Casting
26:14 Fletching
27:48 Heavy Plow
29:59 Bodkin Arrow
31:03 Gold Mining
35:10 Hand Cart
40:16 Imperial Age
40:33 Halberdier
41:51 Plate Mail Armor
41:21 Bracer
44:21 Two-Man Saw
43:57 Crop Rotation
49:05 Conscription
57:47 Chemistry
57:07 Ballistics
57:00 Fortified Wall
56:46 Murder Holes
60:39 Padded Archer Armor
60:02 Crossbowman
60:48 Thumb Ring
60:35 Arbalester
61:48 Leather Archer Armor
70:30 Ring Archer Armor
78:36 Treadmill Crane
89:51 Elite Skirmisher
94:55 Hoardings
let me cook
9:04 Loom
11:41 Feudal Age
16:48 Castle Age
18:27 Wheelbarrow
17:57 Horse Collar
18:03 Double-Bit Axe
19:21 Bow Saw
22:07 Crossbowman
24:49 Fletching
26:22 Heavy Plow
28:28 Thumb Ring
31:07 Ballistics
32:17 Fortified Wall
32:09 Padded Archer Armor
33:09 Masonry
34:14 Hand Cart
34:23 Forging
34:22 Scale Barding Armor
35:04 Gold Mining
35:08 Stone Mining
35:07 Town Watch
35:07 Loom
36:25 Husbandry
36:36 Bloodlines
37:34 Gold Shaft Mining
40:24 Imperial Age
38:01 Scale Mail Armor
38:40 Iron Casting
38:47 Chain Barding Armor
39:44 Bodkin Arrow
40:07 Leather Archer Armor
40:28 Light Cavalry
40:29 Heavy Camel Rider
42:11 Blast Furnace
41:50 Plate Barding Armor
41:38 Conscription
42:53 Scale Mail Armor
47:22 Bimaristan
63:39 Hussar
69:13 Two-Man Saw
78:58 Elite Mameluke
80:17 Ring Archer Armor
79:47 Bracer
abyssquack
10:34 Feudal Age
10:22 Loom
15:03 Castle Age
13:02 Double-Bit Axe
22:15 Bow Saw
25:03 Wheelbarrow
25:45 Scale Barding Armor
26:26 Husbandry
27:53 Chain Barding Armor
28:17 Forging
29:13 Hand Cart
29:11 Gold Mining
34:04 Imperial Age
31:40 Town Watch
34:21 Gold Shaft Mining
33:38 Stone Mining
34:18 Cavalier
35:00 Scale Mail Armor
35:35 Plate Barding Armor
35:57 Masonry
36:27 Iron Casting
35:44 Paladin
38:22 Coinage
39:16 #83
38:58 Chivalry
39:18 Conscription
39:51 Light Cavalry
43:10 Blast Furnace
44:23 Chemistry
43:44 Ballistics
47:17 Caravan
47:48 Banking
53:16 Fletching
54:49 Bodkin Arrow
56:24 Hoardings
55:53 Scale Mail Armor
70:42 Elite Throwing Axeman
71:40 Chain Mail Armor
73:39 #83
73:58 Architecture
73:34 Siege Engineers
74:41 Plate Mail Armor
87:31 Pikeman
88:11 Squires
89:33 Halberdier
90:36 Arson
91:20 Fortified Wall
santiagogp2093
11:03 Feudal Age
15:39 Castle Age
14:34 Double-Bit Axe
14:31 Horse Collar
17:42 Wheelbarrow
16:53 Loom
18:47 Fervor
22:20 Squires
24:26 Town Watch
26:43 Bow Saw
31:50 Imperial Age
30:50 Chemistry
31:47 Pikeman
33:20 Halberdier
34:11 Scale Mail Armor
34:21 Forging
35:13 Heavy Plow
37:58 Siege Engineers
39:20 Hussite Reforms
39:55 Chain Mail Armor
40:15 Iron Casting
39:34 Houfnice
41:56 Plate Mail Armor
59:51 Caravan
62:57 Wagenburg Tactics
63:13 Conscription
65:09 Blast Furnace
68:03 Fortified Wall
68:04 Masonry
97:19 Ballistics
anomally
9:21 Loom
12:06 Feudal Age
13:59 Double-Bit Axe
16:43 Castle Age
15:04 Horse Collar
18:10 Bow Saw
18:11 Scale Barding Armor
21:54 Heavy Plow
22:45 Wheelbarrow
24:16 Chain Barding Armor
28:02 Hand Cart
28:13 Forging
36:51 Imperial Age
38:37 Plate Barding Armor
38:38 Iron Casting
38:55 Elite Monaspa
39:58 Conscription
41:06 Bloodlines
40:59 Husbandry
46:08 Caravan
50:06 Onager
52:08 Blast Furnace
51:11 Murder Holes
51:37 Ballistics
67:33 Aznauri Cavalry
Kierkegaard
2:59 Loom
9:43 Feudal Age
17:07 Castle Age
15:42 Double-Bit Axe
16:13 Horse Collar
19:12 Fervor
19:43 Husbandry
30:23 Imperial Age
28:39 Wheelbarrow
28:49 Grand Trunk Road
30:07 Ballistics
29:59 Masonry
30:49 Bloodlines
32:41 Chemistry
31:52 Fortified Wall
32:02 Hand Cart
32:05 Bow Saw
32:19 Heavy Plow
32:44 Caravan
33:42 Murder Holes
33:57 Devotion
33:21 Heavy Camel Rider
34:41 Forging
34:37 Scale Barding Armor
34:41 Town Watch
34:21 Light Cavalry
36:19 Iron Casting
37:24 Siege Engineers
39:53 Blast Furnace
39:47 Imperial Camel Rider
41:35 Chain Barding Armor
41:43 Padded Archer Armor
42:03 Hussar
43:38 Sanctity
43:33 Block Printing
44:09 Leather Archer Armor
44:37 Town Patrol
47:06 Ring Archer Armor
47:51 Plate Barding Armor
48:00 Shatagni
48:23 Conscription
51:24 Fletching
52:23 Bodkin Arrow
53:04 Hoardings
67:54 Bracer
81:46 Elite Skirmisher
82:32 Thumb Ring
86:48 Scale Mail Armor
aariva83
2:27 Loom
8:28 Wheelbarrow
11:05 Feudal Age
10:31 Double-Bit Axe
18:03 Castle Age
16:02 Horse Collar
17:23 Gold Mining
20:50 Heavy Plow
21:17 Forging
20:36 Cavalier
22:33 Bow Saw
24:18 Scale Barding Armor
25:41 Husbandry
26:14 Hand Cart
27:57 Chain Barding Armor
30:38 Two-Man Saw
30:40 Iron Casting
32:21 Stone Mining
35:23 Crop Rotation
35:07 Caravan
36:05 Light Cavalry
39:57 Imperial Age
37:55 Town Watch
41:54 Plate Barding Armor
40:53 Hussar
46:13 Blast Furnace
46:42 Conscription
46:21 Paladin
49:14 Gold Shaft Mining
67:59 Scale Mail Armor
78:28 Fletching
78:38 Padded Archer Armor
79:07 Ballistics
79:48 Chemistry
79:12 Bodkin Arrow
79:33 Burgundian Vineyards
80:16 Leather Archer Armor
81:23 Coinage
Crazybus
6:29 Loom
8:57 Feudal Age
9:46 Double-Bit Axe
10:17 Horse Collar
12:25 Horse Collar
21:16 Castle Age
22:17 Bow Saw
22:08 Heavy Plow
23:52 Wheelbarrow
26:57 Hand Cart
26:48 Gold Mining
30:28 Gold Shaft Mining
33:07 Imperial Age
31:28 Fletching
32:08 Husbandry
32:18 Bloodlines
32:18 Town Watch
33:01 Stone Mining
33:29 Bodkin Arrow
33:35 Padded Archer Armor
33:17 Elite Elephant Archer
35:03 Town Patrol
35:22 Bracer
35:38 Leather Archer Armor
35:45 Ballistics
37:12 Caravan
38:26 Ring Archer Armor
39:44 Chemistry
41:50 Siphons
41:57 Paiks
42:15 Mahayana
42:01 Paiks
42:16 Conscription
45:54 Fervor
46:05 Sanctity
49:52 Redemption
49:57 Block Printing
50:46 Siege Engineers
50:51 Masonry
53:15 Murder Holes
53:50 Architecture
58:26 Scale Mail Armor
58:37 Forging
58:30 Pikeman
59:11 Squires
60:02 Chain Mail Armor
60:08 Halberdier
61:48 Iron Casting
64:20 Elite Skirmisher
66:49 Blast Furnace
65:52 Light Cavalry
66:39 Scale Barding Armor
69:54 Chain Barding Armor
71:32 Arson
75:50 Two-Man Saw
77:25 Siege Elephant
82:38 Treadmill Crane
83:52 Elite Battle Elephant
86:53 Plate Barding Armor
87:10 Heavy Scorpion
88:44 Crop Rotation
89:47 Devotion
101:34 Coinage
Connection lost

Rejoining the realm…

Still unreachable

The connection could not be restored.

Session expired

The server has moved on; the page needs a fresh start.